 Dungeon Crawl Stone Soup version 0.23-a0-208-gb6b040f31c (webtiles) character file.

792766 Jesh the Archmage (level 27, -1/144 HPs)
             Began as a Spriggan Enchanter on Sept 24, 2018.
             Was the Champion of Dithmenos.
             Killed from afar by an orb of fire (31 damage)
             ... with a bolt of fire
             ... on level 5 of the Realm of Zot on Sept 25, 2018.
             The game lasted 06:34:04 (110670 turns).

Jesh the Archmage (Spriggan Enchanter)            Turns: 110670, Time: 06:34:05

Health: -1/144     AC: 15    Str: 11    XL:     27
Magic:  33/55      EV: 38    Int: 20    God:    Dithmenos [******]
Gold:   8458       SH: 12    Dex: 21    Spells: 21/80 levels left

rFire    + . .     SeeInvis +   Q - +12 rapier of the Forsaken Queens {drain, rPois rF+ rC+ Dex+2}
rCold    + + +     Gourm    .   I - +3 warlock's mirror {reflect}
rNeg     + . .     Faith    .   y - +2 robe {Archmagi}
rPois    +         Spirit   .   K - +2 hat "Kaok" {+Fly Stlth+}
rElec    .         Reflect  +   N - +2 cloak {MR+}
rCorr    .         Harm     .   (gloves unavailable)
MR       +++++                  (boots unavailable)
Stlth    ++++++++++             n - amulet "Ridos" {Acrobat rPois rC++ rN+ Stlth+}
HPRegen  0.34/turn              M - +5 ring of protection
MPRegen  0.34/turn              z - +5 ring of slaying

@: very slightly contaminated, hasted, wreathed by umbra, invisible, very quick
A: very small, unfitting armour, horns 1, see invisible, blink, herbivore, speed
3, shaggy fur 1, slow metabolism 2, wild magic 1
}: 5/15 runes: decaying, slimy, silver, abyssal, gossamer
a: Blink, Shadow Step, Shadow Form, Renounce Religion, Evoke Flight


You were on level 5 of the Realm of Zot.
You worshipped Dithmenos.
Dithmenos was exalted by your worship.
You were not hungry.

You visited 14 branches of the dungeon, and saw 60 of its levels.
You visited the Abyss 1 time.
You visited 1 bazaar.
You visited 1 ziggurat, and saw 17 of its levels.
You also visited: Trove, Ice Cave and Desolation.

You collected 12609 gold pieces.
You spent 4151 gold pieces at shops.

Inventory:

Hand Weapons
 Q - the +12 rapier of the Forsaken Queens (weapon) {drain, rPois rF+ rC+ Dex+2}
   (You found it in the Desolation of Salt)

   A truly terrible weapon, it drains the life of those it strikes.
   It affects your dexterity (+2).
   It protects you from fire.
   It protects you from cold.
   It protects you from poison.
Missiles
 l - 4 throwing nets (quivered)
Armour
 y - a +2 robe of the Archmagi (worn)
 I - the +3 warlock's mirror (worn) {reflect}
   (You found it on level 6 of the Lair of Beasts)
 K - the +2 hat "Kaok" (worn) {+Fly Stlth+}
   (You found it on level 14 of the Dungeon)

   It lets you fly.
   It makes you more stealthy.
 N - a +2 cloak of magic resistance (worn)
Jewellery
 n - the amulet "Ridos" (around neck) {Acrobat rPois rC++ rN+ Stlth+}
   (You found it on level 4 of a ziggurat)

   [amulet of the acrobat]

   It helps you evade while moving and waiting.
   It greatly protects you from cold.
   It protects you from poison.
   It protects you from negative energy.
   It makes you more stealthy.
 u - the amulet "Empuihyr" {+Rage rC+ Int+4}
   (You found it on level 16 of a ziggurat)

   [amulet of rage]

   It affects your intelligence (+4).
   It protects you from cold.
   It lets you go berserk.
 z - a +5 ring of slaying (right hand)
 M - a +5 ring of protection (left hand)
Wands
 a - a wand of iceblast (46)
 j - a wand of clouds (10)
 w - a wand of enslavement (21)
 B - a wand of paralysis (84)
 T - a wand of acid (15)
 Y - a wand of digging (20)
Scrolls
 e - 29 scrolls of teleportation
 i - 32 scrolls of remove curse
 m - 2 scrolls of immolation
 o - 3 scrolls of silence
 p - 3 scrolls of magic mapping
 q - 16 scrolls of amnesia
 r - 11 scrolls of fear
 s - 2 scrolls of summoning
 x - 6 scrolls of fog
 C - a scroll of brand weapon
 D - 11 scrolls of blinking
 F - 3 scrolls of enchant weapon
 J - 21 scrolls of identify
 L - 3 scrolls of holy word
Potions
 b - 5 potions of haste
 f - a potion of cancellation
 g - 3 potions of magic
 h - 22 potions of curing
 k - 7 potions of heal wounds
 v - 8 potions of flight
 A - a potion of agility
 E - 3 potions of resistance
 G - 7 potions of ambrosia
 H - a potion of invisibility
Miscellaneous
 c - the horn of Geryon (inert)
 V - 4 phantom mirrors
Comestibles
 d - 26 rations


   Skills:
 - Level 15.0 Fighting
 - Level 14.0 Short Blades
 - Level 22.0 Dodging
 - Level 25.0 Stealth
 - Level 7.3 Shields
 O Level 27 Spellcasting
 - Level 19.0 Hexes
 + Level 8.4 Summonings
 - Level 8.0 Necromancy
 + Level 24.9 Air Magic


You had 21 spell levels left.
You knew the following spells:

 Your Spells              Type           Power        Failure   Level  Hunger
a - Ensorcelled Hibernat  Hex/Ice        ######       1%          2    None
b - Corona                Hex            #######      1%          1    None
c - Confuse               Hex            ########     1%          3    None
d - Tukima's Dance        Hex            ########     1%          3    None
e - Dazzling Spray        Conj/Hex       ######       1%          3    None
f - Discord               Hex            ########..   5%          8    ######.
g - Silence               Hex/Air        ########..   1%          5    None
h - Invisibility          Hex            ########     1%          6    #......
i - Spectral Weapon       Hex/Chrm       #######.     1%          3    None
j - Tornado               Air            ########..   7%          9    #######
k - Dispel Undead         Necr           #######.     2%          5    None
l - Summon Mana Viper     Hex/Summ       ########     1%          5    None
m - Shadow Creatures      Summ           N/A          10%         6    #......

Your spell library contained the following spells:

 Spells                   Type           Power        Failure   Level  Hunger
 Animate Skeleton         Necr           N/A          1%          1    None
 Confusing Touch          Hex            ######       1%          1    None
 Pain                     Necr           ####         1%          1    None
 Shock                    Conj/Air       ####         1%          1    None
 Summon Butterflies       Summ           #######.     1%          1    None
 Summon Small Mammal      Summ           ####         1%          1    None
 Call Imp                 Summ           #######.     1%          2    None
 Corpse Rot               Necr           N/A          1%          2    None
 Poisonous Vapours        Pois/Air       ######       1%          2    None
 Slow                     Hex            ########     1%          2    None
 Sublimation of Blood     Necr           #######...   1%          2    None
 Swiftness                Chrm/Air       #######.     1%          2    None
 Call Canine Familiar     Summ           #######.     1%          3    None
 Inner Flame              Hex/Fire       #######.     1%          3    None
 Mephitic Cloud           Conj/Pois/Air  #######.     1%          3    None
 Portal Projectile        Hex/Tloc       ######       1%          3    None
 Recall                   Summ/Tloc      N/A          1%          3    None
 Regeneration             Chrm/Necr      ######....   1%          3    None
 Static Discharge         Conj/Air       #######.     1%          3    None
 Summon Guardian Golem    Hex/Summ       ########     1%          3    None
 Vampiric Draining        Necr           #######...   1%          3    None
 Airstrike                Air            ########..   1%          4    None
 Animate Dead             Necr           N/A          1%          4    None
 Cause Fear               Hex            ########..   1%          4    None
 Fulminant Prism          Conj/Hex       #######...   1%          4    None
 Leda's Liquefaction      Hex/Erth       #######...   1%          4    None
 Summon Lightning Spire   Summ/Air       ########     1%          4    None
 Lightning Bolt           Conj/Air       #######...   1%          5    None
 Metabolic Englaciation   Hex/Ice        #######...   1%          5    None
 Yara's Violent Unravell  Hex/Tmut       #######...   1%          5    None
 Darkness                 Hex            ########..   1%          6    #......
 Apportation              Tloc           ######       2%          1    None
 Beastly Appendage        Tmut           ######       2%          1    None
 Flame Tongue             Conj/Fire      #####        2%          1    None
 Freeze                   Ice            ####         2%          1    None
 Infusion                 Chrm           ####         2%          1    None
 Magic Dart               Conj           ####         2%          1    None
 Sandblast                Erth           ######       2%          1    None
 Sting                    Conj/Pois      ####         2%          1    None
 Agony                    Necr           #######.     2%          5    None
 Conjure Ball Lightning   Conj/Air       #######...   2%          6    #......
 Deflect Missiles         Chrm/Air       #######...   2%          6    #......
 Blink                    Tloc           N/A          3%          2    None
 Passwall                 Tmut/Erth      ######..     3%          2    None
 Searing Ray              Conj           ######       3%          2    None
 Shroud of Golubria       Chrm/Tloc      ######....   3%          2    None
 Song of Slaying          Chrm           ######..     3%          2    None
 Sticks to Snakes         Tmut           ######..     3%          2    None
 Throw Flame              Conj/Fire      ######       3%          2    None
 Throw Frost              Conj/Ice       ######       3%          2    None
 Summon Ice Beast         Ice/Summ       ######..     4%          4    None
 Conjure Flame            Conj/Fire      ######..     6%          3    None
 Ignite Poison            Fire/Tmut/Pois ######..     6%          3    None
 Lesser Beckoning         Tloc           ######....   6%          3    None
 Ozocubu's Armour         Chrm/Ice       ######..     6%          3    None
 Spider Form              Tmut/Pois      ######....   6%          3    None
 Stone Arrow              Conj/Erth      ######       6%          3    None
 Bolt of Draining         Conj/Necr      ######....   10%         5    None
 Borgnjor's Vile Clutch   Necr/Erth      ######....   10%         5    None
 Excruciating Wounds      Chrm/Necr      ######....   10%         5    None
 Summon Forest            Summ/Tloc      ######....   10%         5    None
 Freezing Cloud           Conj/Ice/Air   #######...   10%         6    #......
 Death Channel            Necr           #######...   11%         6    #......
 Force Lance              Conj/Tloc      ######..     17%         4    None
 Ice Form                 Ice/Tmut       ######..     17%         4    None
 Iskenderun's Mystic Bla  Conj           ######..     17%         4    None
 Olgreb's Toxic Radiance  Pois           ######..     17%         4    None
 Petrify                  Tmut/Erth      ######..     17%         4    None
 Sticky Flame             Conj/Fire      ######..     17%         4    None
 Throw Icicle             Conj/Ice       ######..     17%         4    None
 Alistair's Intoxication  Tmut/Pois      ######..     41%         5    None
 Blade Hands              Tmut           ######....   41%         5    None
 Bolt of Magma            Conj/Fire/Erth ######....   41%         5    None
 Fireball                 Conj/Fire      ######....   41%         5    None
 Irradiate                Conj/Tmut      ######....   41%         5    None
 Iskenderun's Battlesphe  Conj/Chrm      ######..     41%         5    None
 Lee's Rapid Deconstruct  Erth           ######....   41%         5    None
 Venom Bolt               Conj/Pois      ######....   41%         5    None
 Monstrous Menagerie      Summ           #######...   41%         7    ####...
 Summon Greater Demon     Summ           #######...   41%         7    ####...
 Summon Hydra             Summ           #######...   41%         7    ####...
 Simulacrum               Ice/Necr       ######....   43%         6    #......
 Haunt                    Necr/Summ      #######...   43%         7    ####...
 Chain Lightning          Conj/Air       #######...   52%         8    ######.
 Bolt of Cold             Conj/Ice       ######....   92%         6    #......
 Bolt of Fire             Conj/Fire      ######....   92%         6    #......
 Hydra Form               Tmut           ######....   92%         6    #......
 Iron Shot                Conj/Erth      ######....   92%         6    #......
 Ozocubu's Refrigeration  Ice            ######....   92%         6    #......
 Poison Arrow             Conj/Pois      ######....   92%         6    #......
 Statue Form              Tmut/Erth      ######...    92%         6    #......
 Malign Gateway           Summ/Tloc      ######....   92%         7    ####...
 Spellforged Servitor     Conj/Summ      ######....   92%         7    ####...
 Summon Horrible Things   Summ           #######...   97%         8    ######.
 Borgnjor's Revivificati  Necr           #######...   98%         8    ######.
 Infestation              Necr           #######...   98%         8    ######.
 Dragon Form              Tmut           ######....   100%        7    ####...
 Orb of Destruction       Conj           ######....   100%        7    ####...
 Ring of Flames           Chrm/Fire      ######....   100%        7    ####...
 Death's Door             Chrm/Necr      ######....   100%        8    ######.
 Disjunction              Tloc           ######....   100%        8    ######.
 Ignition                 Fire           ######....   100%        8    ######.
 Lehudib's Crystal Spear  Conj/Erth      ######....   100%        8    ######.
 Necromutation            Tmut/Necr      ######....   100%        8    ######.
 Dragon's Call            Summ           #######...   100%        9    #######
 Fire Storm               Conj/Fire      ######....   100%        9    #######
 Glaciate                 Conj/Ice       ######....   100%        9    #######
 Shatter                  Erth           ######....   100%        9    #######


Dungeon Overview and Level Annotations

Branches:
Dungeon (15/15)            Temple (1/1) D:4            Lair (6/6) D:10
  Swamp (4/4) Lair:3       Spider (4/4) Lair:4        Slime (5/5) Lair:6
    Orc (2/2) D:10            Elf (3/3) Orc:2        Vaults (5/5) D:13
  Crypt (3/3) Vaults:3       Tomb (0/3) Crypt:3      Depths (5/5) D:15
   Hell (1/1)                 Dis (0/7) Hell            Geh (0/7) Hell
    Coc (1/7) Hell            Tar (0/7) Hell            Zot (5/5) Depths:5

Altars:
Ashenzari
Cheibriados
Dithmenos
Elyvilon
Fedhas
Gozag
Hepliaklqana
Kikubaaqudgha
Makhleb
Nemelex Xobeh
Okawaru
Qazlal
Ru
Sif Muna
Trog
Uskayaw
Vehumet
Wu Jian
Xom
Yredelemnul
Zin
The Shining One
Beogh
Jiyva

Shops:
D:8 }   D:13 [   D:14 !   D:15 }   Orc:2 *[%*   Vaults:2 *(*(   Vaults:3 *
Depths:1 :[?!   Depths:2 }=}

Portals:
Hell: Depths:1 Depths:2 Depths:3 Depths:4 Depths:5
Abyss: Depths:3 Depths:4 Depths:5
Pandemonium: Depths:3 Depths:4


Innate Abilities, Weirdness & Mutations

You are very small and have problems with some larger weapons.
You are too small for most types of armour.
You have supernaturally acute eyesight. (SInv)
You are a herbivore.
You cover ground extremely quickly.
You need to consume almost no food.
You have a pair of small horns on your head.
You can translocate small distances at will.
You are covered in fur. (AC +1)
Your spells are a little harder to cast, but a little more powerful.


Message History

The orb of fire is almost destroyed.
You block the ghost moth's attack. The ghost moth hits you!
* * * LOW HITPOINT WARNING * * *
The ghost moth completely misses you.
Unknown command.
You hit the orb of fire. Your headbutt misses the orb of fire.
The orb of fire is almost destroyed.
Your shadow hits the orb of fire with a rapier.
You puncture the orb of fire!
The orb of fire is almost destroyed.
Your shadow hits the orb of fire but does no damage.
The orb of fire glows deep purple.
The bolt of fire misses you.
You closely miss the orb of fire. Your headbutt misses the orb of fire.
The orb of fire is almost destroyed.
You puncture the orb of fire!
The orb of fire is almost destroyed.
The orb of fire emits a lurid red light.
The bolt of fire hits you! You resist.
You die...

,,,,,,,,,,,,,,,,,,,*,,,,,,,,,,,*,
,,,,,,,,,,,,,,,,,,,**,,,,,,,,,**,
,,,,,,,,,,,,,,,,,,,***,,,,,,,***,
,,,,,,,,,,,,,,,,,,,* ********* *,
,,,,,,,,,,,,,,,,,,** **
,,,,,,,,,,,,,,,,*** *
,,,,,,,,,,,,,****
,,,,****▓▓▓▓▓▓▓▓▓#
,,,,,,,,......§§@### **
,,,,,,,,.....##§§*§## *#.
,,,,,,,,...,,,###y§.###########..
,,,,,,,,.,,,,,,*##...............
,,,,,,,,,,,,,,,* ##.............#
,,,,,,,,,,,,,,,* #.............#
,,,,,,,,,,,,,,,* ##...........#*
,,,,,,,,,,,,,,,* #...........#
,,,,,,,,,,,,,,,* ##........(..##


You could see an orb of fire and a ghost moth (invisible).

Vanquished Creatures
  the Royal Jelly (Slime:5)
  4 orbs of fire
  Mennas (Vaults:4)
  3 ancient liches
  4 juggernauts
  A pandemonium lord (Zig:3)
  Boris (Vaults:3)
  A shard shrike (Zig:12)
  Margery (Depths:5)
  Xtahua (Vaults:4)
  3 caustic shrikes
  2 Killer Klowns
  A curse toe (Zot:2)
  Geryon (Hell)
  10 golden dragons
  2 profane servitors
  Nikola (Elf:3)
  A bone dragon (Crypt:3)
  Arachne (Spider:3)
  13 liches
  2 electric golems
  A shard shrike zombie (Crypt:1)
  The ghost of P0WERM0DE the Champion of Chaos, an adept DDFi of Makhleb (Zot:3)
  12 tentacled monstrosities
  Rupert (D:15)
  7 Orb Guardians (Zot:5)
  4 Ice Fiends
  8 quicksilver dragons
  3 deep elf blademasters
  6 titans
  2 acid blobs
  A tentacled starspawn (Zig:16)
  2 deep elf master archers (Elf:3)
  5 sphinxes
  4 ancient champions
  Frances (Elf:1)
  A sphinx (shapeshifter) (D:15)
  A thorn hunter (Swamp:1)
  9 tengu reavers
  8 storm dragons
  Kirke (Elf:1)
  4 shadow dragons
  5 death cobs
  4 azure jellies
  8 draconian monks
  A nagaraja (Zig:14)
  7 frost giants
  Roxanne (Elf:1)
  14 fire giants
  3 imperial myrmidons (Desolation)
  12 ghost moths
  2 revenants
  Louise (Elf:1)
  7 draconian scorchers
  7 draconian knights
  3 orc warlords
  4 deep elf elementalists (Elf:3)
  18 vault wardens
  The ghost of Astran the Bludgeoner, an adept GrBe of Trog (D:14)
  5 emperor scorpions
  A cacodemon (D:14)
  6 draconian shifters
  6 deep elf sorcerers
  3 curse skulls
  2 balrugs (Hell)
  5 draconian annihilators
  4 reapers (Hell)
  2 draconian stormcallers
  An angel (Abyss:3)
  11 ghouls
  13 stone giants
  2 war gargoyles (Hell)
  A spriggan defender (Depths:3)
  17 very ugly things
  2 ophanim (Abyss:3)
  2 blood saints (Zig:14)
  A juggernaut skeleton (Zig:12)
  A naga warrior (Zig:13)
  10 ironheart preservers
  4 entropy weavers
  8 vampire knights
  11 yellow draconians
  11 black draconians
  3 deep elf demonologists
  8 spark wasps
  11 green draconians
  A lorocyproca (Abyss:3)
  10 deep elf annihilators
  2 corrupters
  8 white draconians
  8 starcursed masses
  7 purple draconians
  19 red draconians
  Snorg (Lair:3)
  6 deep elf death magi
  12 ettins
  12 eidola
  2 crystal guardians
  2 blizzard demons (Hell)
  A merfolk impaler (Depths:4)
  5 death oozes
  6 jiangshi (Crypt:2)
  5 deep elf high priests
  A ragged hierophant (Elf:1)
  11 fire dragons
  3 mummy priests
  A merfolk javelineer (Depths:4)
  6 ogre magi
  3 quicksilver dragon zombies
  16 yaktaur captains
  16 great orbs of eyes
  24 hydras
  A monstrous demonspawn (Depths:3)
  12 ice dragons
  Harold (Orc:1)
  3 peacekeepers (Desolation)
  2 rakshasas
  8 vault guards
  4 ghost crabs
  A catoblepas (Lair:3)
  4 shambling mangroves
  4 spriggan air magi
  A merfolk aquamancer (Zig:14)
  9 centaur warriors
  8 alligators
  19 two-headed ogres
  36 dancing weapons
  8 death knights
  2 hell hogs (Hell)
  4 vampire magi
  A death yak (Lair:5)
  A death scarab (Zig:11)
  3 deep troll shamans
  6 tengu warriors
  3 spriggan berserkers
  5 orc high priests (Orc:2)
  A titan zombie (Crypt:3)
  2 deep troll earth magi (Depths:2)
  Urug (Orc:1)
  12 deep elf knights
  17 hell knights
  4 sun demons
  A soul eater (Hell)
  Sonja (D:10)
  A sixfirhy (Abyss:2)
  4 iron trolls (Hell)
  4 shadow wraiths
  2 spatial maelstroms (Zig:16)
  2 wretched stars
  29 skeletal warriors
  2 spriggan druids (Swamp:4)
  2 ghost moth zombies (Crypt:3)
  3 unseen horrors
  A storm dragon skeleton (Depths:3)
  A quicksilver dragon simulacrum (Zig:11)
  6 flayed ghosts
  A spark wasp zombie (Zig:11)
  5 deep trolls
  12 wizards
  8 glowing orange brains
  A golden dragon zombie (Depths:3)
  10 deep elf archers
  Pikel (D:9)
  A harpy (shapeshifter) (Depths:1)
  2 tengu zombies (Depths:3)
  2 anaconda skeletons
  An orb spider (shapeshifter) (Vaults:2)
  A golden dragon skeleton (Depths:3)
  6 swamp dragons
  26 phantasmal warriors
  The ghost of Blackbelt the Poker, a novice DgSk (D:6)
  12 ironbrand convokers
  8 harpies
  16 orb spiders
  2 frost giant zombies
  9 oklob plants
  9 necromancers
  2 stone giant zombies (Crypt:3)
  52 deep elf magi
  10 orc knights
  A wolf spider (shapeshifter) (Zig:2)
  A wolf spider zombie (D:14)
  A fire giant zombie (Crypt:3)
  A mana viper (shapeshifter) (Depths:5)
  34 wolf spiders
  2 worldbinders
  13 orc sorcerers
  4 shining eyes
  5 cyclopes
  A shadow dragon skeleton (Zig:12)
  4 manticores
  41 ugly things
  4 ice statues
  21 moths of wrath
  A water nymph (shapeshifter) (Vaults:3)
  3 smoke demons
  11 vault sentinels
  A guardian serpent (Desolation)
  An iron dragon skeleton (Depths:3)
  2 naga magi (Depths:5)
  A fire giant skeleton (Zig:12)
  A centaur zombie (D:15)
  4 black mambas
  4 gargoyles
  An orange demon (Depths:3)
  4 rust devils (Hell)
  15 spiny frogs
  An eye of devastation (Slime:5)
  A hellion (Depths:3)
  2 centaur skeletons
  3 torpor snails
  5 anaconda simulacra
  An efreet (Zot:1)
  6 kobold demonologists
  2 rime drakes
  18 freezing wraiths
  7 komodo dragons
  A tormentor (Zig:12)
  11 ice devils
  4 tengu conjurers
  14 demonic crawlers
  5 guardian mummies
  A golden dragon simulacrum (Depths:3)
  52 yaktaurs
  40 jumping spiders
  2 hydra zombies
  3 ancient zymes
  A troll (shapeshifter) (Vaults:1)
  11 trolls
  27 hornets
  5 red devils (Hell)
  A wolf spider simulacrum (IceCv)
  A wind drake (shapeshifter) (Elf:1)
  15 tyrant leeches
  3 ettin zombies (Crypt:3)
  3 hydra skeletons (Hell)
  10 polar bears
  4 alligator zombies
  11 hippogriffs
  37 slime creatures
  A blink frog (shapeshifter) (Vaults:1)
  18 blink frogs
  8 bog bodies
  A dream sheep (shapeshifter) (Vaults:5)
  6 raiju
  9 saltlings
  7 dream sheep (Lair:6)
  3 ice dragon zombies (Crypt:3)
  A vampire (D:14)
  7 flying skulls
  10 shadows
  2 wyverns
  A spriggan (shapeshifter) (Depths:3)
  17 water elementals
  3 ushabtiu (Zig:11)
  An alligator skeleton (Crypt:1)
  78 redbacks
  12 spriggans
  23 humans
  2 tarantellas (shapeshifter)
  14 wraiths
  A ynoxinul (Elf:3)
  A basilisk (shapeshifter) (Vaults:5)
  2 dire elephant simulacra (IceCv)
  2 basilisks
  16 yaks
  31 tarantellas
  2 hogs (Elf:1)
  2 neqoxecs
  A golden eye (shapeshifter) (Elf:1)
  25 vampire mosquitoes
  3 hungry ghosts
  5 wargs
  A chaos spawn (Zig:7)
  23 fire elementals
  10 large abominations
  10 swamp worms
  9 insubstantial wisps (Swamp:3)
  2 iron troll simulacra (IceCv)
  An infernal demonspawn zombie (Crypt:1)
  An acid dragon (D:14)
  13 hell hounds (Lair:6)
  4 harpy simulacra (IceCv)
  A hydra simulacrum (IceCv)
  A water moccasin (shapeshifter) (D:14)
  A floating eye (Depths:2)
  5 porcupines
  14 water moccasins
  A two-headed ogre skeleton (Crypt:1)
  A spiny frog skeleton (Hell)
  7 swamp drakes
  3 ettin simulacra (IceCv)
  7 ice beasts
  An ice beast (shapeshifter) (D:14)
  A meliai simulacrum (D:14)
  50 orc warriors
  6 phantoms
  14 black bears
  A sky beast (D:11)
  A black bear (shapeshifter) (Depths:4)
  37 ogres
  A swamp dragon zombie (Crypt:3)
  4 eyes of draining
  A hornet zombie (Crypt:2)
  A wolf (shapeshifter) (D:14)
  16 centaurs
  An elephant skeleton (Crypt:2)
  16 necrophages
  15 crocodiles
  A centaur (shapeshifter) (D:14)
  A rime drake zombie (Crypt:2)
  20 wolves
  9 big kobolds
  A fire crab zombie (Crypt:2)
  5 small abominations
  A draconian skeleton (Crypt:2)
  13 bullfrogs
  3 earth elementals (Elf:2)
  6 gnoll sergeants
  8 wyvern skeletons (Crypt:3)
  6 scorpions
  A troll zombie (Crypt:3)
  An elephant simulacrum (IceCv)
  A queen bee zombie (Crypt:1)
  17 killer bees
  3 spriggan skeletons
  19 wights
  4 howler monkeys
  4 electric eels
  10 crimson imps
  2 draconian simulacra (IceCv)
  A human zombie (Crypt:3)
  A human simulacrum (Vaults:1)
  4 quasits
  4 bullfrog zombies
  6 jellies
  31 orc priests
  9 hounds
  31 orc wizards
  5 gnoll shamans
  A basilisk skeleton (Crypt:1)
  6 bullfrog skeletons
  3 iguanas
  4 iron imps
  6 troll simulacra (IceCv)
  12 worker ants
  Ijyb (D:3)
  6 hell rats (Lair:6)
  A lightning spire (Zig:8)
  2 polar bear simulacra
  2 spriggan simulacra (IceCv)
  8 wolf simulacra
  2 killer bee zombies
  2 centaur simulacra (IceCv)
  A hound zombie (D:11)
  2 hound skeletons
  7 mummies (Zig:11)
  45 gnolls
  18 adders
  3 howler monkey skeletons
  A naga simulacrum (IceCv)
  2 ogre simulacra (IceCv)
  2 shadow imps
  10 white imps
  6 ufetubi
  2 oozes (D:1)
  An adder skeleton (D:5)
  An adder zombie (D:8)
  2 worms
  2 dart slugs
  8 leopard geckos
  131 orcs
  3 ball pythons
  4 bats
  5 giant cockroaches
  A giant cockroach (shapeshifter) (D:14)
  6 goblins
  5 hobgoblins
  A jackal (shapeshifter) (D:14)
  26 jackals
  26 kobolds
  5 quokkas
  3 frilled lizards
  2 goblin skeletons
  A goblin zombie (Crypt:2)
  5 hobgoblin zombies
  A kobold skeleton (D:5)
  A kobold zombie (D:5)
  2 leopard gecko skeletons
  An orc skeleton (D:5)
  An orc zombie (D:5)
  6 rats
  3 river rat simulacra (Lair:3)
  A butterfly (D:8)
  A fungus (Lair:6)
  A starspawn tentacle (Zig:16)
  4 withered plants (Crypt:3)
2743 creatures vanquished.

Vanquished Creatures (collateral kills)
  A pandemonium lord (Zig:9)
  Mara (Vaults:2)
  A juggernaut (Abyss:3)
  3 caustic shrikes (Depths:5)
  2 Killer Klowns (Zig:9)
  2 golden dragons
  4 tentacled monstrosities
  3 liches
  A quicksilver dragon (Depths:5)
  3 titans (Vaults:5)
  8 acid blobs (Slime:5)
  A thorn hunter (Swamp:4)
  2 shadow dragons
  3 storm dragons
  A tengu reaver (Vaults:5)
  A draconian monk (Zot:4)
  3 azure jellies (Slime:5)
  10 nagarajas
  A draconian scorcher (Zig:14)
  A frost giant (Vaults:3)
  2 fire giants
  2 draconian knights
  4 vault wardens (Vaults:5)
  A spriggan defender (Depths:3)
  5 stone giants
  12 very ugly things
  A draconian stormcaller (Zot:4)
  A war gargoyle (Vaults:5)
  3 ironheart preservers
  2 draconian annihilators (Zot:4)
  3 entropy weavers (Spider:2)
  A green draconian (Zot:5)
  2 black draconians
  A purple draconian (Zot:5)
  A spark wasp (Spider:4)
  3 white draconians
  3 red draconians
  4 ettins
  A death ooze (Slime:5)
  A deep elf death mage (Vaults:4)
  3 green deaths (Zig:15)
  A merfolk javelineer (Depths:4)
  5 yaktaur captains
  A rakshasa (Depths:2)
  2 ghost crabs (Zig:15)
  A naga warrior (Zig:10)
  3 ice dragons
  A hell beast (Zig:9)
  7 hydras
  2 spriggan air magi (Depths:3)
  An ogre mage (Depths:2)
  22 vault guards
  A shambling mangrove (Zig:15)
  3 two-headed ogres (Depths:2)
  An alligator (Zig:15)
  A deep troll shaman (Depths:5)
  2 deep troll earth magi (Depths:5)
  7 naga sharpshooters
  A thrashing horror (Zig:16)
  3 shock serpents
  2 hell knights (Depths:4)
  A death drake (Zig:15)
  A salamander mystic (Zig:13)
  6 swamp dragons
  A spriggan druid (Zig:15)
  2 cherubim (Abyss:3)
  A spatial maelstrom (Zig:16)
  2 iron trolls (Depths:5)
  9 deep trolls
  A deep elf archer (Vaults:4)
  A wizard (Zig:14)
  4 ironbrand convokers
  An orc knight (Vaults:5)
  7 orb spiders
  A harpy (Vaults:3)
  5 mana vipers
  A shining eye (Slime:5)
  An orc sorcerer (Zig:14)
  12 wolf spiders
  2 deep elf magi
  2 oklob plants (Spider:2)
  10 ugly things
  A salamander (Zig:13)
  2 moths of wrath (Zot:4)
  A black mamba (shapeshifter) (Depths:2)
  10 black mambas
  An apocalypse crab (Zig:9)
  6 naga magi
  A smoke demon (Zig:3)
  A torpor snail (Spider:3)
  4 vault sentinels
  7 guardian serpents
  A torpor snail (shapeshifter) (Zig:9)
  3 spiny frogs (Zig:15)
  An elf zombie (Zig:12)
  8 yaktaurs
  A tormentor (Zig:12)
  An ice devil (Zig:5)
  2 freezing wraiths (Zig:12)
  4 jumping spiders
  3 demonic crawlers
  2 bog bodies (Zig:15)
  2 tyrant leeches (Zig:15)
  A raiju (Zig:16)
  A raiju (shapeshifter) (Vaults:5)
  6 hornets
  A dream sheep (shapeshifter) (Zig:9)
  3 spriggans
  A flying skull (Zig:12)
  10 redbacks
  A shadow (Zig:15)
  6 tarantellas
  A ynoxinul (Abyss:3)
  An ushabti (Zig:11)
  A wraith (Zig:16)
  3 golden eyes (Slime:5)
  2 humans (Depths:1)
  A neqoxec (Zig:16)
  A chaos spawn (Zig:9)
  2 large abominations (Zig:16)
  An insubstantial wisp (Zig:15)
  2 nagas
  A warg (Vaults:3)
  6 swamp drakes
  2 eyes of draining
  4 starcursed masses (Zig:16)
  3 ogres
  2 boggarts (Depths:1)
  A hound (shapeshifter) (Vaults:5)
  An orc priest (Vaults:5)
  An orc wizard (Vaults:3)
  2 gnolls (D:3)
  2 white imps (Zig:12)
  3 orcs
381 creatures vanquished.

Vanquished Creatures (others)
  A caustic shrike (Depths:5)
  A golden dragon (Depths:5)
  An eldritch tentacle (Zig:3)
  An Executioner (Zig:3)
  A tentacled starspawn (Zig:16)
  A storm dragon (Zot:4)
  A tengu reaver (Vaults:5)
  2 vault wardens
  A draconian stormcaller (Zot:5)
  A reaper (Zig:12)
  A draconian annihilator (Zig:14)
  2 green draconians
  A stone giant (Vaults:5)
  An entropy weaver (Spider:3)
  A deep elf demonologist (Elf:3)
  A deep elf death mage (Elf:3)
  A naga warrior (Zig:13)
  A mummy priest (Zig:11)
  A yaktaur captain (Depths:5)
  3 hydras
  A peacekeeper (Desolation)
  2 vault guards (Vaults:5)
  A shambling mangrove (Swamp:4)
  An anaconda (Zig:10)
  3 moths of wrath
  2 swamp dragons (Swamp:4)
  A sixfirhy (Zig:16)
  A shadow wraith (Vaults:4)
  A deep troll (Depths:5)
  A sea snake (shapeshifter) (Vaults:5)
  A harpy (Vaults:3)
  2 orb spiders (Spider:3)
  2 deep elf magi (Elf:1)
  4 wolf spiders
  2 naga magi
  A water nymph (shapeshifter) (Vaults:5)
  A guardian serpent (Zig:8)
  5 black mambas
  2 yaktaurs
  3 freezing wraiths (Zig:12)
  2 tormentors (Zig:12)
  An ancient zyme (Zig:16)
  An ice devil (Hell)
  2 hornets (Swamp:4)
  A tarantella (Spider:3)
  A slime creature (Zig:15)
  A redback (Spider:3)
  A large abomination (Zig:16)
  A water elemental (Depths:4)
  3 dancing weapons
  3 humans
  A vampire mosquito (D:15)
  3 nagas
  2 swamp drakes (Swamp:4)
  A boggart (Depths:1)
  A big kobold (shapeshifter) (Vaults:5)
  An orc priest (D:9)
  An orc wizard (D:9)
  A white imp (IceCv)
  An ufetubus (IceCv)
  An adder zombie (D:9)
  4 orcs
  2 fungi (Lair:6)
  22 plants
  6 starspawn tentacles (Zig:16)
125 creatures vanquished.

Grand Total: 3249 creatures vanquished

Notes
Turn   | Place    | Note
-------+----------+-------------------------------------------
     0 | D:1      | Jesh the Spriggan Enchanter began the quest for the Orb.
     0 | D:1      | Reached XP level 1. HP: 9/9 MP: 5/5
    56 | D:1      | Reached skill level 3 in Spellcasting
   170 | D:2      | Reached XP level 2. HP: 13/13 MP: 7/7
   174 | D:2      | Learned a level 2 spell: Ensorcelled Hibernation
   671 | D:1      | Reached XP level 3. HP: 14/16 MP: 6/9
   676 | D:1      | Learned a level 3 spell: Confuse
   680 | D:1      | Learned a level 3 spell: Tukima's Dance
  1135 | D:2      | Reached skill level 4 in Spellcasting
  1555 | D:2      | Found a stormy altar of Qazlal.
  1869 | D:2      | Reached XP level 4. HP: 21/21 MP: 11/11
  2008 | D:3      | Reached skill level 5 in Hexes
  2101 | D:3      | Noticed Ijyb
  2135 | D:3      | Killed Ijyb
  2607 | D:3      | Reached skill level 5 in Spellcasting
  2607 | D:3      | Reached XP level 5. HP: 24/24 MP: 9/13
  2612 | D:3      | Learned a level 3 spell: Dazzling Spray
  3270 | D:3      | Reached XP level 6. HP: 28/28 MP: 5/14
  4728 | D:3      | Reached XP level 7. HP: 29/32 MP: 2/15
  4973 | D:3      | Reached skill level 10 in Stealth
  5547 | D:4      | Found a staircase to the Ecumenical Temple.
  5577 | Temple   | Entered the Ecumenical Temple
  5654 | Temple   | Became a worshipper of Dithmenos the Shadowed
  6973 | D:4      | Found a hazy altar of Hepliaklqana.
  6992 | D:5      | Entered Level 5 of the Dungeon
  6997 | D:5      | Gained mutation: You have large cloven feet. [potion of
                  | mutation]
  6997 | D:5      | Gained mutation: You are clumsy. (Dex -2) [potion of
                  | mutation]
  6997 | D:5      | Gained mutation: Your mind is acute. (Int +2) [potion of
                  | mutation]
  7038 | D:5      | Reached XP level 8. HP: 31/36 MP: 9/16
  7109 | D:5      | Found a glowing golden altar of the Shining One.
  7290 | D:5      | Reached * piety under Dithmenos
  8268 | D:5      | Reached skill level 15 in Stealth
  8916 | D:6      | Reached XP level 9. HP: 40/40 MP: 1/17
  8925 | D:6      | Reached skill level 1 in Fighting
  8941 | D:6      | Reached ** piety under Dithmenos
  9570 | D:6      | Found a white marble altar of Elyvilon.
  9657 | D:6      | Found a burning altar of Makhleb.
  9671 | D:6      | Found a transporter.
  9671 | D:6      | Noticed Blackbelt's ghost (novice DgSk)
  9691 | D:6      | Found a transporter.
  9749 | D:6      | Found an iron altar of Okawaru.
 10578 | D:7      | Reached skill level 5 in Dodging
 10578 | D:7      | Reached skill level 6 in Spellcasting
 11082 | D:8      | Found a shimmering altar of Xom.
 11597 | D:8      | Reached XP level 10. HP: 48/48 MP: 20/20
 11632 | D:8      | Found Ziewyji's Gadget Shop.
 12030 | D:9      | Found a deep blue altar of Sif Muna.
 12334 | D:9      | Noticed Pikel
 12344 | D:9      | Killed Pikel
 12344 | D:9      | Reached skill level 7 in Spellcasting
 12412 | D:9      | Reached *** piety under Dithmenos
 12741 | D:9      | Reached skill level 5 in Short Blades
 12993 | D:9      | Noticed a two-headed ogre
 13001 | D:9      | Killed a two-headed ogre
 13457 | D:10     | Entered Level 10 of the Dungeon
 13605 | D:10     | Reached skill level 8 in Spellcasting
 13652 | D:10     | Reached XP level 11. HP: 39/53 MP: 24/24
 13920 | D:10     | Found a staircase to the Lair.
 13953 | D:10     | Reached **** piety under Dithmenos
 14041 | D:10     | Noticed Sonja
 14048 | D:10     | Killed Sonja
 14136 | D:10     | Found a staircase to the Orcish Mines.
 15002 | D:11     | Reached skill level 5 in Fighting
 15192 | D:11     | Reached skill level 9 in Spellcasting
 15709 | D:11     | Noticed an unseen horror
 15714 | D:11     | Killed an unseen horror
 15728 | D:11     | Identified a scroll of acquirement
 16282 | D:12     | Reached ***** piety under Dithmenos
 16610 | D:12     | Reached skill level 10 in Dodging
 16610 | D:12     | Reached XP level 12. HP: 60/60 MP: 26/26
 16782 | D:12     | Noticed a tengu warrior
 16799 | D:12     | Killed a tengu warrior
 16996 | D:12     | Reached skill level 10 in Hexes
 17503 | D:12     | Noticed a two-headed ogre
 17507 | D:12     | Killed a two-headed ogre
 17683 | D:13     | Found Wulyibit's Antique Armour Shoppe.
 17687 | D:13     | Reached skill level 10 in Spellcasting
 17755 | D:13     | Got a glittering platinum ring
 17756 | D:13     | Identified the ring of Apnoiwn {Ice +Fly rN+ Int+4} (You
                  | found it on level 13 of the Dungeon)
 17758 | D:13     | Noticed a centaur warrior
 17769 | D:13     | Killed a centaur warrior
 17979 | D:13     | Noticed a tengu warrior
 18008 | D:13     | Killed a tengu warrior
 18120 | D:13     | Lost mutation: You are clumsy. (Dex -2) [potion of
                  | mutation]
 18120 | D:13     | Lost mutation: You have large cloven feet. [potion of
                  | mutation]
 18120 | D:13     | Lost mutation: Your mind is acute. (Int +2) [potion of
                  | mutation]
 18120 | D:13     | Gained mutation: You possess an exceptional clarity of
                  | mind. [potion of mutation]
 18120 | D:13     | Gained mutation: You are robust. (+10% HP) [potion of
                  | mutation]
 18623 | D:13     | Found a gate to the Vaults.
 18623 | D:13     | Noticed a vault guard
 18623 | D:13     | Noticed a vault guard
 19219 | D:13     | Killed a vault guard
 19219 | D:13     | Reached XP level 13. HP: 46/72 MP: 4/28
 19680 | D:14     | Reached skill level 11 in Spellcasting
 20174 | D:14     | Found a shimmering altar of Xom.
 20475 | D:14     | Found a runed gate.
 20475 | D:14     | Found a runed gate.
 20475 | D:14     | Found a runed gate.
 20484 | D:14     | Noticed a brown very ugly thing
 20484 | D:14     | Noticed a green very ugly thing
 20484 | D:14     | Noticed a cacodemon
 20484 | D:14     | Found a runed gate.
 20484 | D:14     | Found a runed gate.
 20524 | D:14     | Killed a green very ugly thing
 20543 | D:14     | Killed a white very ugly thing
 20805 | D:14     | Found a runed gate.
 20825 | D:14     | Noticed Astran's ghost (adept GrBe)
 20848 | D:14     | Found Nuopuidd's Distillery.
 21572 | D:14     | Reached skill level 10 in Short Blades
 21870 | Lair:1   | Entered Level 1 of the Lair of Beasts
 22111 | Lair:1   | Reached XP level 14. HP: 79/79 MP: 26/30
 22609 | Lair:1   | Reached ****** piety under Dithmenos
 23029 | Lair:2   | Reached skill level 12 in Spellcasting
 24254 | Lair:3   | Noticed Snorg
 24256 | Lair:3   | Killed Snorg
 24536 | Lair:3   | Found a staircase to the Swamp.
 25158 | Lair:4   | Found a hole to the Spider Nest.
 27086 | Lair:6   | Entered Level 6 of the Lair of Beasts
 27623 | Lair:6   | Found a viscous altar of Jiyva.
 27623 | Lair:6   | Found a staircase to the Slime Pits.
 28438 | Lair:6   | Reached XP level 15. HP: 56/85 MP: 32/32
 28599 | Lair:6   | Found the +3 warlock's mirror {reflect}
 29481 | Orc:1    | Entered Level 1 of the Orcish Mines
 29481 | Orc:1    | Noticed Urug
 29483 | Orc:1    | Killed Urug
 29483 | Orc:1    | Reached skill level 1 in Shields
 29762 | Orc:2    | Entered Level 2 of the Orcish Mines
 30073 | Orc:1    | Noticed an orc warlord
 30074 | Orc:1    | Killed an orc warlord
 30105 | Orc:1    | Noticed Harold
 30140 | Orc:1    | Killed Harold
 30507 | Orc:1    | Noticed an orc warlord
 30567 | Orc:1    | Killed an orc warlord
 30567 | Orc:1    | Reached skill level 5 in Shields
 30703 | Orc:2    | Found Ucyanaez's General Store.
 30711 | Orc:2    | Bought a potion of berserk rage for 75 gold pieces
 30720 | Orc:2    | Found Xiwetexu's Food Shoppe.
 30769 | Orc:2    | Found a roughly hewn altar of Beogh.
 31438 | Orc:2    | Identified the Reference Book on Supportive Poison
 31637 | Orc:2    | Found a staircase to the Elven Halls.
 31972 | Orc:2    | Found Zidiz's Armour Shop.
 32498 | Orc:2    | Found a roughly hewn altar of Beogh.
 32498 | Orc:2    | Noticed an orc warlord
 32682 | Orc:2    | Killed an orc warlord
 32920 | Orc:2    | Found Saecekurch's General Store.
 33513 | D:14     | Gained mutation: Your spells are a little easier to cast,
                  | but a little less powerful. [a cacodemon]
 34021 | D:14     | Killed Astran's ghost
 34227 | D:14     | Got a heavily runed hat
 34258 | D:14     | Gained mutation: You occasionally shout uncontrollably at
                  | your foes. [mutagenic glow]
 34312 | D:14     | Gained mutation: Your system is resistant to poisons.
                  | (rPois) [mutagenic glow]
 34368 | D:14     | Gained mutation: You sometimes yell uncontrollably at your
                  | foes. [mutagenic glow]
 34745 | D:14     | Lost mutation: You sometimes yell uncontrollably at your
                  | foes. [potion of mutation]
 34745 | D:14     | Lost mutation: Your spells are a little easier to cast, but
                  | a little less powerful. [potion of mutation]
 34745 | D:14     | Lost mutation: You are robust. (+10% HP) [potion of
                  | mutation]
 34745 | D:14     | Gained mutation: Your body sometimes deteriorates upon
                  | taking damage. [potion of mutation]
 34745 | D:14     | Gained mutation: You have sharp toenails. [potion of
                  | mutation]
 34745 | D:14     | Gained mutation: You are resistant to electric shocks.
                  | (rElec) [potion of mutation]
 34746 | D:14     | Lost mutation: You have sharp toenails. [potion of
                  | mutation]
 34746 | D:14     | Lost mutation: Your body sometimes deteriorates upon taking
                  | damage. [potion of mutation]
 34746 | D:14     | Gained mutation: You are resistant to hostile enchantments.
                  | (MR+) [potion of mutation]
 34746 | D:14     | Gained mutation: You have a pair of small horns on your
                  | head. [potion of mutation]
 34747 | D:14     | Lost mutation: You have a pair of small horns on your head.
                  | [potion of mutation]
 34747 | D:14     | Lost mutation: You are resistant to electric shocks.
                  | (rElec) [potion of mutation]
 34747 | D:14     | Lost mutation: You possess an exceptional clarity of mind.
                  | [potion of mutation]
 34747 | D:14     | Lost mutation: You are resistant to hostile enchantments.
                  | (MR+) [potion of mutation]
 34747 | D:14     | Gained mutation: Armour fits poorly on your strangely
                  | shaped body. [potion of mutation]
 34747 | D:14     | Gained mutation: You are agile. (Dex +2) [potion of
                  | mutation]
 34748 | D:14     | Lost mutation: You occasionally shout uncontrollably at
                  | your foes. [potion of mutation]
 34748 | D:14     | Lost mutation: Armour fits poorly on your strangely shaped
                  | body. [potion of mutation]
 34748 | D:14     | Lost mutation: You are agile. (Dex +2) [potion of mutation]
 34748 | D:14     | Gained mutation: You are frail. (-10% HP) [potion of
                  | mutation]
 34748 | D:14     | Gained mutation: You do not regenerate when monsters are
                  | visible. [potion of mutation]
 34748 | D:14     | Gained mutation: You can translocate small distances at
                  | will. [potion of mutation]
 34800 | D:15     | Entered Level 15 of the Dungeon
 34801 | D:15     | Identified the +2 hat "Kaok" {+Fly Stlth+} (You found it on
                  | level 14 of the Dungeon)
 34813 | D:15     | Found a sacrificial altar of Ru.
 34847 | D:15     | Reached skill level 13 in Spellcasting
 35058 | D:15     | Noticed Rupert
 35725 | D:15     | Reached XP level 16. HP: 74/74 MP: 30/34
 36242 | D:15     | Found a staircase to the Depths.
 36355 | D:15     | Noticed a sphinx
 36372 | D:15     | Killed a sphinx
 36399 | D:15     | Killed Rupert
 37026 | D:15     | Got a scintillating tin ring
 37027 | D:15     | Identified the ring "Nafaischuini" {rElec rPois rN+ Str-2}
                  | (You took it off a kobold demonologist on level 15 of the
                  | Dungeon)
 37296 | D:15     | Learned a level 8 spell: Discord
 37302 | D:15     | Learned a level 5 spell: Silence
 37310 | D:15     | Found Wagomer's Gadget Boutique.
 37523 | D:15     | Found a portal to a secret trove of treasure.
 37584 | Trove    | Entered a treasure trove
 37590 | Trove    | Found the +9 staff of Wucad Mu {channel}
 38130 | Depths:1 | Entered Level 1 of the Depths
 38169 | Depths:1 | Found Viehucw's Distillery.
 38224 | Depths:1 | Found Gichyar's Magic Scroll Boutique.
 38225 | Depths:1 | Found a flickering gateway to a bazaar.
 38234 | Bazaar   | Entered a bazaar
 38586 | Bazaar   | Found Jiwnazuy's Jewellery Emporium.
 38586 | Bazaar   | Found Cank's Book Shoppe.
 38595 | Bazaar   | Bought a book of Party Tricks for 350 gold pieces
 38602 | Bazaar   | Learned a level 6 spell: Invisibility
 38611 | Bazaar   | Got a fine brass ring
 38612 | Bazaar   | Identified the ring of False Pretenses {*Slow rPois rF+
                  | Dex+4} (You found it in a bazaar)
 38881 | Depths:1 | Noticed a lich
 38897 | Depths:1 | Killed a lich
 38897 | Depths:1 | Reached skill level 15 in Dodging
 39056 | Depths:1 | Reached skill level 15 in Hexes
 39474 | Depths:1 | Bought a scroll of acquirement for 728 gold pieces
 39652 | Depths:1 | Found Baufer's Book Emporium.
 39928 | Depths:1 | Found Buzischysm's Antique Armour Shoppe.
 40464 | Depths:1 | Found a gateway to Hell.
 40697 | Depths:2 | Found Izach's Jewellery Shoppe.
 40698 | Depths:2 | Found Raetey's Gadget Shop.
 40698 | Depths:2 | Found Reamy's Gadget Shop.
 40724 | Depths:2 | Bought a +5 ring of protection for 1210 gold pieces
 41029 | Depths:2 | Reached XP level 17. HP: 71/79 MP: 26/35
 41153 | Depths:2 | Reached skill level 14 in Spellcasting
 41292 | Depths:2 | Found a gateway to a ziggurat.
 41510 | Depths:2 | Noticed a quicksilver dragon
 41556 | Depths:1 | Killed a quicksilver dragon
 42046 | Elf:1    | Entered Level 1 of the Elven Halls
 42100 | Elf:1    | Noticed Kirke
 42109 | Elf:1    | Killed Kirke
 42139 | Elf:1    | Noticed Louise
 42167 | Elf:1    | Killed Louise
 42167 | Elf:1    | Reached skill level 10 in Fighting
 42204 | Elf:1    | Found a ruined gateway.
 42216 | Desolati | Entered the Desolation of Salt
 42873 | Desolati | Got a brightly glowing rapier
 42877 | Desolati | Identified the Guide on Twisted Good Luck
 42880 | Desolati | Got a scintillating ivory ring
 42881 | Desolati | Identified the +12 rapier of the Forsaken Queens {drain,
                  | rPois rF+ rC+ Dex+2} (You found it in the Desolation of
                  | Salt)
 42882 | Desolati | Identified the ring of Xom's Full Attention {MR+ Str+5
                  | Int+2 Stlth-} (You found it in the Desolation of Salt)
 43337 | Elf:1    | Noticed Frances
 43340 | Elf:1    | Killed Frances
 43435 | Elf:1    | Noticed Roxanne
 43447 | Elf:1    | Killed Roxanne
 43448 | Elf:1    | Identified Roxanne's Catalogue of the Mountains (You took
                  | it off Roxanne on level 1 of the Elven Halls)
 43755 | Elf:1    | Lost mutation: You are frail. (-10% HP) [potion of
                  | mutation]
 43755 | Elf:1    | Lost mutation: You do not regenerate when monsters are
                  | visible. [potion of mutation]
 43755 | Elf:1    | Gained mutation: You are partially covered in molten
                  | scales. (AC +2) [potion of mutation]
 43755 | Elf:1    | Gained mutation: You passively map a small area around you.
                  | [potion of mutation]
 43755 | Elf:1    | Gained mutation: Your muscles are strong. (Str +2) [potion
                  | of mutation]
 44738 | Elf:2    | Reached XP level 18. HP: 95/95 MP: 33/37
 44789 | Elf:2    | Found a runed gate.
 44790 | Elf:2    | Found a runed gate.
 44797 | Elf:2    | Found a runed gate.
 45367 | Elf:2    | Reached skill level 15 in Spellcasting
 45745 | Elf:3    | Entered Level 3 of the Elven Halls
 45839 | Elf:3    | Noticed Nikola
 45851 | Elf:3    | Killed Nikola
 46350 | Elf:3    | Noticed a Tzitzimitl
 46376 | Elf:3    | Got a clouded ivory ring
 46394 | Elf:3    | Identified the Reference Book on the Captivating Rocks
 46436 | Elf:3    | Identified the Guide on Destructive Unholy Rites
 47052 | Elf:3    | Identified the ring of Amuazele {*Corrode MR+ Str+2 Slay+2}
                  | (You found it on level 3 of the Elven Halls)
 47107 | Elf:3    | Identified the Guide on Quantum Stones
 48114 | Spider:1 | Entered Level 1 of the Spider Nest
 48135 | Spider:1 | Found a frozen archway.
 48197 | IceCv    | Entered an ice cave
 49266 | IceCv    | Reached XP level 19. HP: 100/100 MP: 39/39
 50056 | IceCv    | Got a translucent short sword
 50528 | Spider:1 | Identified the +8 short sword "Xoihufogh" {flame, rPois rC+
                  | MP-9 Stlth+} (You found it in an ice cave)
 51373 | Spider:1 | Got a twisted robe
 51384 | Spider:1 | Identified the +1 robe of the Ward {rC+ rN+ Regen+ Stlth+}
                  | (You acquired it on level 1 of the Spider Nest)
 53276 | Spider:3 | Reached skill level 16 in Spellcasting
 53771 | Spider:3 | Noticed Arachne
 53841 | Spider:3 | Lost mutation: Your muscles are strong. (Str +2) [mutagenic
                  | glow]
 54366 | Spider:3 | Killed Arachne
 54643 | Spider:4 | Entered Level 4 of the Spider Nest
 56019 | Spider:4 | Reached XP level 20. HP: 106/106 MP: 37/41
 56098 | Spider:4 | Got a gossamer rune of Zot
 56762 | Vaults:1 | Entered Level 1 of the Vaults
 57336 | Vaults:1 | Reached skill level 17 in Spellcasting
 59582 | Vaults:2 | Found Gozag's Antique Weapon Shoppe.
 59584 | Vaults:2 | Found an opulent altar of Gozag.
 59585 | Vaults:2 | Found Gozag's Antique Weapon Emporium.
 59605 | Vaults:2 | Found Gozag's Assorted Antiques.
 59700 | Vaults:2 | Found Jodeupsa's Assorted Antiques.
 59742 | Vaults:2 | Bought a scroll of blinking for 330 gold pieces
 59742 | Vaults:2 | Bought a potion of might for 176 gold pieces
 59742 | Vaults:2 | Bought a scroll of identify for 88 gold pieces
 59843 | Vaults:2 | Killed Mara
 59843 | Vaults:2 | Reached XP level 21. HP: 112/112 MP: 39/43
 60276 | Vaults:3 | Learned a level 5 spell: Dispel Undead
 60313 | Vaults:3 | Reached skill level 1 in Necromancy
 60542 | Vaults:3 | Found a staircase to the Crypt.
 60765 | Vaults:3 | Reached skill level 5 in Necromancy
 61311 | Vaults:3 | Found Puoseops's Assorted Antiques.
 61611 | Vaults:3 | Noticed Boris
 61613 | Vaults:3 | Killed Boris
 62001 | Vaults:4 | Noticed Mennas
 62418 | Vaults:4 | Noticed Xtahua
 62437 | Vaults:4 | Killed Xtahua
 62437 | Vaults:4 | Reached skill level 18 in Spellcasting
 63760 | Vaults:4 | Killed Mennas
 65300 | Depths:3 | Found the +8 storm bow {elec}
 65303 | Depths:3 | Reached XP level 22. HP: 119/119 MP: 45/45
 65318 | Depths:3 | Identified the +0 robe of Cheibriados's Esteem {rC+++ Str+3
                  | SInv Stlth-} (You acquired it on level 3 of the Depths)
 66334 | Depths:3 | Learned a level 9 spell: Tornado
 66334 | Depths:3 | Reached XP level 23. HP: 123/123 MP: 46/46
 66354 | Depths:3 | Reached XP level 24. HP: 121/128 MP: 46/46
 66396 | Depths:3 | Found a one-way gate leading to the halls of Pandemonium.
 66648 | Depths:3 | Reached skill level 19 in Spellcasting
 66699 | Depths:3 | Noticed a juggernaut
 66721 | Depths:3 | Killed a juggernaut
 66799 | Depths:3 | Noticed a juggernaut
 67516 | Depths:3 | Killed a juggernaut
 68427 | Depths:3 | Found a shimmering altar of Xom.
 68472 | Depths:3 | Found a one-way gate to the infinite horrors of the Abyss.
 69360 | Swamp:1  | Entered Level 1 of the Swamp
 72323 | Swamp:4  | Entered Level 4 of the Swamp
 72640 | Swamp:4  | Reached skill level 20 in Spellcasting
 73189 | Swamp:4  | Got a decaying rune of Zot
 73412 | D:10     | Upgraded the game from 0.23-a0-204-g3eb00d1601 to
                  | 0.23-a0-208-gb6b040f31c
 73719 | Vaults:5 | Entered Level 5 of the Vaults
 73734 | Vaults:5 | Reached XP level 25. HP: 129/135 MP: 37/48
 74069 | Vaults:5 | Noticed an ancient lich
 74070 | Vaults:5 | Reached skill level 15 in Fighting
 74094 | Vaults:5 | Killed an ancient lich
 74099 | Vaults:5 | Reached skill level 10 in Air Magic
 74690 | Vaults:5 | Learned a level 3 spell: Spectral Weapon
 74972 | Vaults:5 | Reached skill level 21 in Spellcasting
 75205 | Vaults:5 | Identified the Disquisition on the Frostbite and Good Luck
 75964 | Vaults:5 | Got a silver rune of Zot
 77908 | Vaults:5 | Got a vibrating platinum ring
 77909 | Vaults:5 | Identified the ring "Zeliarala" {rElec rF+ EV+2 Dex+3} (You
                  | took it off a deep elf death mage on level 5 of the Vaults)
 79250 | Crypt:1  | Entered Level 1 of the Crypt
 79382 | Crypt:1  | Reached skill level 22 in Spellcasting
 79929 | Crypt:1  | Found a basalt altar of Yredelemnul.
 79948 | Crypt:1  | Identified the +1 robe of Disaster {-Tele rN+ Str+4} (You
                  | found it on level 1 of the Crypt)
 79958 | Crypt:1  | Found the +2 shield of Resistance {rF+ rC+ MR+}
 80985 | Crypt:2  | Reached XP level 26. HP: 140/140 MP: 36/50
 82704 | Crypt:3  | Entered Level 3 of the Crypt
 83764 | Crypt:3  | Found a staircase to the Tomb.
 84132 | Crypt:3  | Identified Faoxa's Papyrus of Curses and Changing (You
                  | acquired it on level 3 of the Crypt)
 84490 | Crypt:3  | Reached skill level 23 in Spellcasting
 84951 | Crypt:3  | Found the +4 dagger "Morg" {pain, MR+ Int+5}
 85295 | Crypt:3  | Found a basalt altar of Yredelemnul.
 86167 | Crypt:3  | Found the +6 Majin-Bo {vamp, Archmagi MP+6 Int+6}
 88451 | Depths:4 | Reached skill level 24 in Spellcasting
 88463 | Depths:4 | Reached skill level 15 in Air Magic
 88495 | Depths:4 | Noticed a juggernaut
 88497 | Depths:4 | Noticed a juggernaut
 88498 | Depths:4 | Killed a juggernaut
 88500 | Depths:4 | Killed a juggernaut
 88892 | Depths:5 | Entered Level 5 of the Depths
 89387 | Depths:5 | Reached XP level 27. HP: 144/144 MP: 51/52
 89888 | Depths:5 | Reached skill level 25 in Spellcasting
 90444 | Depths:5 | Noticed Margery
 90455 | Depths:5 | Killed Margery
 91077 | Depths:5 | Found a radiant altar of Vehumet.
 91092 | Depths:5 | Identified the cursed +0 hat of the Harp {Stlth+} (You
                  | found it on level 5 of the Depths)
 91111 | Depths:5 | Identified the +0 hat of Beauty {SInv} (You found it on
                  | level 5 of the Depths)
 91272 | Depths:5 | Found a gate to the Realm of Zot.
 91385 | Zig:1    | Entered Level 1 of a ziggurat
 91401 | Zig:2    | Entered Level 2 of a ziggurat
 91422 | Zig:2    | Identified the Handbook of Freezing Sinister Magic
 91426 | Zig:3    | Entered Level 3 of a ziggurat
 91431 | Zig:3    | Noticed Luav the pandemonium lord
 91447 | Zig:3    | Killed Luav the pandemonium lord
 91835 | Zig:4    | Entered Level 4 of a ziggurat
 91851 | Zig:4    | Got a scintillating crystal amulet
 91852 | Zig:4    | Identified the amulet "Ridos" {Acrobat rPois rC++ rN+
                  | Stlth+} (You found it on level 4 of a ziggurat)
 91865 | Zig:5    | Entered Level 5 of a ziggurat
 92208 | Zig:6    | Entered Level 6 of a ziggurat
 92215 | Zig:6    | Noticed an ancient lich
 92224 | Zig:6    | Killed an ancient lich
 92250 | Zig:6    | Got a smoking tin ring
 92251 | Zig:6    | Identified the ring "Veeda Lebb" {Wiz rPois Str+3 Dex-2}
                  | (You found it on level 6 of a ziggurat)
 92625 | Zig:7    | Entered Level 7 of a ziggurat
 92889 | Zig:8    | Entered Level 8 of a ziggurat
 93312 | Zig:8    | Identified the Tome of Enthralling Protection
 93320 | Zig:8    | Learned a level 5 spell: Summon Mana Viper
 93324 | Zig:9    | Entered Level 9 of a ziggurat
 93332 | Zig:9    | Noticed Sidwurph the pandemonium lord
 93390 | Zig:9    | Killed Sidwurph the pandemonium lord
 93390 | Zig:9    | Reached skill level 26 in Spellcasting
 93709 | Zig:10   | Entered Level 10 of a ziggurat
 93805 | Zig:10   | Identified the +2 buckler of the Hidden Vale {MR+ Dex+3
                  | Stlth-} (You found it on level 10 of a ziggurat)
 93847 | Zig:11   | Entered Level 11 of a ziggurat
 93855 | Zig:11   | Noticed a greater mummy
 93858 | Zig:11   | Noticed a greater mummy
 93858 | Zig:11   | Noticed a greater mummy
 93858 | Zig:11   | Noticed a greater mummy
 93888 | Zig:11   | Identified the Disquisition on Floating Stolen Souls
 93890 | Zig:12   | Entered Level 12 of a ziggurat
 93902 | Zig:12   | Gained mutation: You are weak. (Str -2) [mutagenic glow]
 94372 | Zig:13   | Entered Level 13 of a ziggurat
 94691 | Zig:13   | Identified the +2 buckler "Olliod" {MR+} (You found it on
                  | level 13 of a ziggurat)
 94715 | Zig:13   | Got a transparent lapis lazuli ring
 94716 | Zig:13   | Identified the ring of Ethics {rF+ rN+ MR+} (You found it
                  | on level 13 of a ziggurat)
 94729 | Zig:14   | Entered Level 14 of a ziggurat
 94741 | Zig:14   | Noticed an ancient lich
 94783 | Zig:14   | Killed an ancient lich
 95475 | Zig:14   | Got a scorched platinum ring
 95476 | Zig:14   | Identified the cursed ring "Qegynag" {AC-2 Str+7 Dex-2
                  | SInv} (You found it on level 14 of a ziggurat)
 95487 | Zig:14   | Got a brightly glowing lapis lazuli ring
 95488 | Zig:14   | Identified the ring of Kiujo {rPois Str+3 Stlth+} (You
                  | found it on level 14 of a ziggurat)
 95499 | Zig:15   | Entered Level 15 of a ziggurat
 96010 | Zig:16   | Entered Level 16 of a ziggurat
 96027 | Zig:16   | Reached skill level 27 in Spellcasting
 96069 | Zig:16   | Paralysed by accursed screaming for 2 turns
 96076 | Zig:16   | Paralysed by accursed screaming for 2 turns
 96442 | Zig:16   | Got a smoking graven amulet
 96449 | Zig:16   | Identified the amulet "Empuihyr" {+Rage rC+ Int+4} (You
                  | found it on level 16 of a ziggurat)
 96469 | Zig:17   | Entered Level 17 of a ziggurat
 96477 | Zig:17   | Noticed Fuivaf the pandemonium lord
 96478 | Zig:17   | Noticed Tibiob the pandemonium lord
 96478 | Zig:17   | Noticed Buczid the pandemonium lord
 96479 | Zig:17   | Noticed Luanats the pandemonium lord
 96479 | Zig:17   | Noticed Ifohurug the pandemonium lord
 96479 | Zig:17   | Noticed Imynn the pandemonium lord
 96484 | Zig:17   | Noticed Sati the pandemonium lord
 97086 | D:15     | Got a vibrating platinum amulet
 97087 | D:15     | Identified the amulet "Mitaika" {Acrobat rC+ Str+3} (You
                  | acquired it on level 15 of the Dungeon)
 97141 | Depths:3 | Voluntarily entered the Abyss.
 97910 | Abyss:3  | Found a glowing golden altar of the Shining One.
 97931 | Abyss:3  | Noticed a juggernaut
 97971 | Abyss:3  | Killed a juggernaut
 97982 | Abyss:3  | Got an abyssal rune of Zot
 98084 | Depths:3 | Escaped the Abyss
 98147 | Zot:1    | Entered Level 1 of the Realm of Zot
 99482 | Zot:1    | Noticed an orb of fire
 99486 | Zot:1    | Killed an orb of fire
 99499 | Zot:1    | Noticed an orb of fire
 99501 | Zot:1    | Killed an orb of fire
100148 | Zot:2    | Noticed an orb of fire
100149 | Zot:2    | Gained mutation: Armour fits poorly on your strangely
                  | shaped body. [an orb of fire]
100457 | Zot:2    | Learned a level 6 spell: Shadow Creatures
100987 | Zot:2    | Killed an orb of fire
102622 | Zot:3    | Found a runed gate.
102623 | Zot:3    | Found a runed gate.
102625 | Zot:3    | Found a runed gate.
102839 | Zot:3    | Noticed P0WERM0DE's ghost (adept DDFi)
102845 | Zot:3    | Killed P0WERM0DE's ghost
104265 | Zot:4    | Noticed an orb of fire
104291 | Zot:4    | HP: 5/144 [orb of fire/fireball (49)]
104296 | Zot:4    | Gained mutation: You are very weak. (Str -4) [an orb of
                  | fire]
104316 | Zot:4    | Killed an orb of fire
104777 | Zot:4    | Lost mutation: You can translocate small distances at will.
                  | [potion of mutation]
104777 | Zot:4    | Lost mutation: Your system is resistant to poisons. (rPois)
                  | [potion of mutation]
104777 | Zot:4    | Gained mutation: You are frail. (-10% HP) [potion of
                  | mutation]
104777 | Zot:4    | Gained mutation: You tend to lose your temper in combat.
                  | [potion of mutation]
104777 | Zot:4    | Gained mutation: Potions are less effective at restoring
                  | your health. [potion of mutation]
104777 | Zot:4    | Gained mutation: You are partially covered in icy blue
                  | scales. (AC +2) [potion of mutation]
104778 | Zot:4    | Lost mutation: You are frail. (-10% HP) [potion of
                  | mutation]
104778 | Zot:4    | Lost mutation: You are very weak. (Str -4) [potion of
                  | mutation]
104778 | Zot:4    | Lost mutation: Potions are less effective at restoring your
                  | health. [potion of mutation]
104778 | Zot:4    | Gained mutation: You passively map the area around you.
                  | [potion of mutation]
104779 | Zot:4    | Lost mutation: Armour fits poorly on your strangely shaped
                  | body. [potion of mutation]
104779 | Zot:4    | Lost mutation: You passively map the area around you.
                  | [potion of mutation]
104779 | Zot:4    | Gained mutation: Your magical capacity is low. (-10% MP)
                  | [potion of mutation]
104779 | Zot:4    | Gained mutation: You are agile. (Dex +2) [potion of
                  | mutation]
104955 | Zot:5    | Entered Level 5 of the Realm of Zot
105030 | Zot:5    | Reached skill level 1 in Summonings
105380 | Zot:4    | Lost mutation: Your magical capacity is low. (-10% MP)
                  | [potion of mutation]
105380 | Zot:4    | Lost mutation: You passively map a small area around you.
                  | [potion of mutation]
105380 | Zot:4    | Lost mutation: You are weak. (Str -2) [potion of mutation]
105380 | Zot:4    | Lost mutation: You are agile. (Dex +2) [potion of mutation]
105380 | Zot:4    | Lost mutation: You tend to lose your temper in combat.
                  | [potion of mutation]
105380 | Zot:4    | Gained mutation: Your body sometimes deteriorates upon
                  | taking damage. [potion of mutation]
105380 | Zot:4    | Gained mutation: Your muscles are strong. (Str +2) [potion
                  | of mutation]
105880 | D:6      | Killed Blackbelt's ghost
106187 | D:14     | Bought a potion of agility for 60 gold pieces
106187 | D:14     | Bought 2 potions of ambrosia for 240 gold pieces
106187 | D:14     | Bought a potion of mutation for 120 gold pieces
106187 | D:14     | Bought a potion of curing for 45 gold pieces
106187 | D:14     | Bought a potion of mutation for 120 gold pieces
106290 | Depths:1 | Bought a potion of haste for 210 gold pieces
106290 | Depths:1 | Bought a potion of resistance for 210 gold pieces
106290 | Depths:1 | Bought a potion of heal wounds for 105 gold pieces
106290 | Depths:1 | Bought a potion of agility for 84 gold pieces
106607 | Slime:1  | Entered Level 1 of the Pits of Slime
106732 | Slime:4  | Lost mutation: You are partially covered in molten scales.
                  | (AC +2) [a shining eye]
106749 | Slime:4  | Gained mutation: You are frail. (-10% HP) [a shining eye]
106783 | Slime:4  | Gained mutation: You are clumsy. (Dex -2) [a shining eye]
107139 | Slime:5  | Entered Level 5 of the Pits of Slime
107152 | Slime:5  | Found a viscous altar of Jiyva.
107156 | Slime:5  | Noticed the Royal Jelly
107181 | Slime:5  | Killed the Royal Jelly
107181 | Slime:5  | Reached skill level 5 in Summonings
107181 | Slime:5  | Gained mutation: You are very frail. (-20% HP) [a shining
                  | eye]
107681 | Slime:5  | Got a slimy rune of Zot
107790 | Slime:5  | Identified the Papyrus of Talismans and Necromancy
107890 | Lair:6   | Lost mutation: You are partially covered in icy blue
                  | scales. (AC +2) [potion of mutation]
107890 | Lair:6   | Lost mutation: Your muscles are strong. (Str +2) [potion of
                  | mutation]
107890 | Lair:6   | Lost mutation: Your body sometimes deteriorates upon taking
                  | damage. [potion of mutation]
107890 | Lair:6   | Gained mutation: You are covered in fur. (AC +1) [potion of
                  | mutation]
107890 | Lair:6   | Gained mutation: You have a pair of small horns on your
                  | head. [potion of mutation]
107891 | Lair:6   | Lost mutation: You are very frail. (-20% HP) [potion of
                  | mutation]
107891 | Lair:6   | Lost mutation: You are clumsy. (Dex -2) [potion of
                  | mutation]
107891 | Lair:6   | Lost mutation: You are frail. (-10% HP) [potion of
                  | mutation]
107891 | Lair:6   | Gained mutation: Your spells are a little harder to cast,
                  | but a little more powerful. [potion of mutation]
107891 | Lair:6   | Gained mutation: You can translocate small distances at
                  | will. [potion of mutation]
108296 | Hell     | Entered the Vestibule of Hell
108296 | Hell     | Noticed Geryon
108312 | Hell     | Killed Geryon
108472 | Hell     | Found a gateway to the Iron City of Dis.
108698 | Hell     | Found a gateway to the ashen valley of Gehenna.
108844 | Hell     | Found a gateway to the freezing wastes of Cocytus.
109199 | Hell     | Found a gateway to the decaying netherworld of Tartarus.
109542 | Coc:1    | Entered Level 1 of Cocytus
110585 | Zot:5    | Noticed an ancient lich
110643 | Zot:5    | Noticed an orb of fire
110670 | Zot:5    | Killed from afar by an orb of fire

Vault maps used:
D:1:      dpeg_arrival_shrine
D:2:      minmay_misc_feat_rugged, glass_columns_c, grunt_qazlal_clouds
D:3:      lemuel_castle_with_subvaults, uniq_ijyb
D:4:      cheibrodos_pilgrimage, kennysheep_mini, minmay_temple_entry_glass
D:5:      cheibrodos_fzero, nicolae_tso_besieged_by_evil, first_ration
D:6:      lemuel_coloured_pillars_altar, grunt_temple_overflow_open,
          gammafunk_ghost_stat_death
D:8:      xom_butterflies, serial_shops, shop
D:9:      kennysheep_blocky_hall, lemuel_crystal_altar, the_bakery, uniq_pikel
D:10:     lair_entry_dummy, kennysheep_orc_monster_closet_entryway, uniq_sonja
D:11:     kennysheep_six_static_rooms, billiards_dpeg
D:12:     minmay_unpleasant_kobolds
D:13:     grunt_vaults_entry_tiered, serial_shops, nicolae_shop_waterfront
D:14:     serial_shops, shop_statue,
          ploomutoo_gammafunk_ghost_potion_laboratory, nrook_loot_triangle,
          minmay_ruined_shrine
D:15:     grunt_enter_depths_snipers, nicolae_trove_entry_path_of_doom,
          nicolae_ru_awakened_eye, serial_shops, shop, uniq_rupert
Temple:   regret_index_temple_waves
Lair:1:   grunt_megastairs_5
Lair:3:   minmay_swamp_entry_reptiles, eino_house_with_fridge,
          serial_bayou_shore_b, infiniplex_staircase_pool_2, grunt_megastairs_3,
          uniq_snorg
Lair:4:   dummy_spider_entry
Lair:5:   slaughterhouse, lemuel_another_geyser
Lair:6:   hangedman_lair_caniforms_friends, dpeg_slime_entry_enclosed_altar,
          dpeg_oklob_1
Swamp:1:  evilmike_swamp_ruin_house_5
Swamp:2:  evilmike_swamp_ruin_house_2, infiniplex_staircase_pool
Swamp:3:  evilmike_swamp_ruin_house_1
Swamp:4:  swamp, swamp_pool1
Spider:1: portal_ice_cave_entry_pillars_2, spider_trap,
          einodemon_crawler_minivault
Spider:2: spider_temple_joshua, hangedman_spider_tarantella_strand, uniq_jorgrun
Spider:3: uniq_arachne
Spider:4: johnstein_spider_rune_arachne_lair
Slime:2:  uniq_dissolution
Orc:1:    uniq_urug, uniq_harold
Orc:2:    pubby_orc_utopia, serial_shops
Elf:1:    portal_desolation_entry_nicolae_nacl, hangedman_elf_represent,
          uniq_louise, uniq_roxanne, uniq_kirke, uniq_frances
Elf:3:    grunt_elf_hall_spiral, fountainhead, uniq_nikola
Vaults:1: vaults_room_grunt_arrival_ludios, v_misc_29, v_pattern_1,
          nicolae_vaults_hallways_thing, v_misc_31, vaults_standard_mumra_lines,
          serial_ice_b, vaults_mumra_lcd, nicolae_vaults_mini_display_case,
          ontoclasm_vaults_ring_large, v_misc_16
Vaults:2: hangedman_vaults_stretched_pinwheel, hangedman_vaults_corner,
          vaults_room_stairs_pillars, hangedman_vaults_hat, vaults_room_pools,
          nicolae_vaults_circle_grid_b, nicolae_vaults_alarming,
          grunt_vaults_swirl, kennysheep_vaults_gozag_temple,
          nicolae_vaults_inception_statues, v_rooms_4,
          nicolae_vaults_diagonal_hallway_6, serial_shops, shop_coins, uniq_mara
Vaults:3: grunt_vaults_hallway_long, ontoclasm_vaults_ligature,
          minmay_crypt_entry_simple_sparse, nicolae_vaults_network_barrier,
          dpeg_vaults_monster_box, ontoclasm_vaults_decontamination,
          nicolae_vaults_triangles, nicolae_vaults_network_periphery,
          hangedman_vaults_stretched_pinwheel, vaults_room_semicircle,
          hangedman_vaults_slice, v_misc_10, serial_ice_m, vaults_dpeg_hooks,
          vaults_room_stairs_pillars, serial_shops, shop_fountains, uniq_boris
Vaults:4: nicolae_vaults_little_squares_5, v_misc_12,
          nicolae_vaults_shelves_hall, grunt_vaults_hallway_short,
          vaults_room_fours, v_misc_19, serial_ice_m, v_misc_26, uniq_xtahua,
          uniq_mennas
Crypt:1:  gammafunk_crypt_yreds_forest
Crypt:2:  grunt_megastairs_2
Crypt:3:  evilmike_haunted_forest
Depths:1: grunt_hell_entry_dis_mu, minmay_misc_feat_square, serial_shops,
          bzr_entry_customers, nicolae_shop_waterfront, shop_fountains,
          nicolae_shop_statue_plus, shop, grunt_ministairs_1,
          kennysheep_kite_vault
Depths:2: minmay_outward_triangles, enter_ziggurat_c, hell_entry,
          minmay_shop_grove, minmay_staircase_windowed_small
Depths:3: minmay_four_inscribed_fans, hell_entry, abyss_entry_small_statue_room,
          rand_demon_pan_entry_3, tgw_xom, minmay_staircase_statues,
          serial_bayou_shore_b
Depths:4: minmay_two_paths, pan_entry, kennysheep_cross_bottleneck,
          abyss_entry_crystal, hell_entry, minmay_misc_feat_iff
Depths:5: grunt_twist_and_shout, serial_bayou_pond_a, grunt_metal_band,
          abyss_entry, grunt_tower_of_power, serial_bayou_shore_b
Zot:1:    lemuel_firehouse
Zot:2:    grunt_ministairs_3
Zot:3:    ebering_ghost_rock_garden
Zot:4:    nicolae_zot_stationary_front, st_stairs_8
Abyss:3:  hangedman_abyss_stitches_cave, nicolae_abyss_rune_left_handed,
          evilmike_abyss_exit_12
Zig:7:    ziggurat_pillar_centre_dead_trees
Zig:14:   ziggurat_pillar_centre_oklobs
Zig:15:   ziggurat_pillar_centre_smoke
Bazaar:   bazaar_mystics
Trove:    trove_simple
IceCv:    ice_cave_caverns_02

Skill      XL: |  1  2  3  4  5  6  7  8  9 10 11 12 13 14 15 16 17 18 19 20 21 22 23 24 25 26 27 |
---------------+----------------------------------------------------------------------------------+-----
Spellcasting   | 3 4 5 6 8 9 10 11 12 13 14 15 16 17 18 20 22 24 27 | 27.0
Hexes          | 4 5 7 8 9 10 12 13 14 15 16 18 19 | 19.0
Stealth        | 7 9 12 15 16 17 18 19 20 21 22 23 24 25 | 25.0
Fighting       | 2 4 5 6 7 8 9 10 11 12 13 14 15 | 15.0
Short Blades   | 4 5 7 8 10 11 12 13 14 | 14.0
Dodging        | 5 7 10 11 12 14 15 16 17 18 20 21 22 | 22.0
Shields        | 7 |  7.3
Necromancy     | 8 |  8.0
Air Magic      | 4 6 9 12 15 24 | 24.9
Summonings     | 8 |  8.4

Action                   |  1- 3 |  4- 6 |  7- 9 | 10-12 | 13-15 | 16-18 | 19-21 | 22-24 | 25-27 || total
-------------------------+-------+-------+-------+-------+-------+-------+-------+-------+-------++-------
Melee: Dagger            |    86 |   202 |   468 |     8 |       |       |       |       |       ||   764
       Short sword       |       |     1 |       |   503 |       |       |       |       |       ||   504
       Kick              |       |       |    61 |    82 |       |       |       |       |       ||   143
       Quick blade       |       |       |       |   165 |  1552 |   506 |       |       |       ||  2223
       Rapier            |       |       |       |       |       |   483 |  1161 |   695 |  2256 ||  4595
       Headbutt          |       |       |       |       |       |       |       |       |    78 ||    78
Throw: Throwing net      |       |       |       |       |    11 |       |       |       |     3 ||    14
 Cast: Corona            |     3 |     1 |     2 |       |       |       |       |       |       ||     6
       Ensorcelled Hiber |    13 |    52 |    58 |    62 |   138 |    27 |    28 |     6 |    12 ||   396
       Confuse           |       |    12 |    28 |    30 |   100 |    36 |    34 |    15 |    87 ||   342
       Tukima's Dance    |       |     7 |     1 |     2 |     1 |       |       |       |     1 ||    12
       Dazzling Spray    |       |     3 |    10 |    20 |    47 |    41 |    12 |     9 |    40 ||   182
       Invisibility      |       |       |       |       |       |    20 |    30 |    11 |    52 ||   113
       Discord           |       |       |       |       |       |     2 |    10 |     4 |    49 ||    65
       Silence           |       |       |       |       |       |     1 |       |       |       ||     1
       Dispel Undead     |       |       |       |       |       |       |       |       |    72 ||    72
       Summon Mana Viper |       |       |       |       |       |       |       |       |    37 ||    37
       Tornado           |       |       |       |       |       |       |       |       |     6 ||     6
Invok: Shadow Step       |       |       |       |       |     5 |       |     4 |     3 |    16 ||    28
Evoke: Wand              |       |     2 |     3 |     5 |    11 |       |       |       |     5 ||    26
       Horn of Geryon    |       |       |       |       |       |       |       |       |     1 ||     1
  Use: Scroll            |     9 |     1 |    16 |    15 |     8 |    21 |     6 |     6 |    55 ||   137
       Potion            |       |       |     2 |     1 |     8 |     8 |    16 |    10 |    49 ||    94
 Stab: Sleeping          |    20 |    29 |    64 |    89 |   196 |   107 |   204 |    32 |   265 ||  1006
       Confused          |       |     7 |    15 |    21 |    62 |    31 |    23 |     6 |    39 ||   204
       Distracted        |       |     1 |     3 |     3 |    10 |     5 |    12 |    16 |    28 ||    78
       Invisible         |       |     1 |       |     5 |    13 |    92 |   134 |    48 |   214 ||   507
       Held in net/web   |       |       |       |       |    10 |       |       |       |     2 ||    12
  Eat: Ration            |       |     2 |     5 |     5 |     8 |    11 |    16 |     9 |    31 ||    87
Armor: Robe              |    12 |    26 |    42 |    53 |    38 |    29 |    35 |    43 |    93 ||   371
Dodge: Dodged            |    67 |   146 |   388 |   589 |   843 |   381 |   639 |   368 |  1234 ||  4655
Block: Buckler           |       |       |       |       |    97 |   195 |   365 |   201 |   650 ||  1508
       Reflection        |       |       |       |       |     7 |    32 |    18 |    13 |    52 ||   122

Table legend:
 A = Non-vault XP
 B = Vault XP
 C = Vault XP percentage of total XP
 D = Non-vault monster count
 E = Vault monster count
 F = Vault count percentage of total count
                 A         B        C        D         E       F
            +---------+---------+-------+---------+---------+-------
      Total | 1018993 |  861054 |  45.8 |    1897 |    1259 |  39.9
            +---------+---------+-------+---------+---------+-------
        D:1 |      53 |       0 |   0.0 |      23 |       0 |   0.0
        D:2 |      47 |       0 |   0.0 |      12 |       0 |   0.0
        D:3 |     123 |     691 |  84.9 |      25 |      50 |  66.7
        D:4 |     372 |     121 |  24.5 |      18 |       6 |  25.0
        D:5 |     424 |     681 |  61.6 |      16 |      23 |  59.0
        D:6 |    1197 |     745 |  38.4 |      31 |       4 |  11.4
        D:7 |     608 |       0 |   0.0 |      12 |       0 |   0.0
        D:8 |    1451 |       0 |   0.0 |      28 |       0 |   0.0
        D:9 |    2599 |    1874 |  41.9 |      41 |       6 |  12.8
       D:10 |    3088 |    2422 |  44.0 |      26 |      21 |  44.7
       D:11 |    2948 |    1599 |  35.2 |      37 |       9 |  19.6
       D:12 |    7425 |     104 |   1.4 |      52 |       6 |  10.3
       D:13 |    4482 |    7917 |  63.9 |      19 |      24 |  55.8
       D:14 |   15211 |   12162 |  44.4 |      33 |      26 |  44.1
       D:15 |   19234 |    6536 |  25.4 |      57 |       6 |   9.5
     Lair:1 |    2917 |     233 |   7.4 |      14 |       2 |  12.5
     Lair:2 |    8742 |       0 |   0.0 |      34 |       0 |   0.0
     Lair:3 |    2002 |    4367 |  68.6 |       6 |      21 |  77.8
     Lair:4 |    5487 |       0 |   0.0 |      16 |       0 |   0.0
     Lair:5 |    3675 |    1750 |  32.3 |       9 |       6 |  40.0
     Lair:6 |    5915 |   11652 |  66.3 |      30 |      57 |  65.5
    Swamp:1 |   19297 |       0 |   0.0 |      42 |       0 |   0.0
    Swamp:2 |    3602 |       0 |   0.0 |      12 |       0 |   0.0
    Swamp:3 |   17738 |       0 |   0.0 |      54 |       0 |   0.0
    Swamp:4 |   13462 |   10034 |  42.7 |      28 |      24 |  46.2
   Spider:1 |   17440 |    1737 |   9.1 |      52 |       7 |  11.9
   Spider:2 |   17439 |   11988 |  40.7 |      44 |      29 |  39.7
   Spider:3 |   16183 |    3584 |  18.1 |      58 |       1 |   1.7
   Spider:4 |   18587 |   28314 |  60.4 |      51 |      47 |  48.0
    Slime:2 |    2297 |       0 |   0.0 |       4 |       0 |   0.0
    Slime:3 |    6747 |       0 |   0.0 |       5 |       0 |   0.0
    Slime:4 |    5156 |       0 |   0.0 |      10 |       0 |   0.0
    Slime:5 |     550 |   24566 |  97.8 |       4 |      11 |  73.3
      Orc:1 |    9572 |    1819 |  16.0 |      43 |       2 |   4.4
      Orc:2 |       9 |   21358 | 100.0 |       3 |     144 |  98.0
      Elf:1 |    7518 |   15312 |  67.1 |      14 |      18 |  56.2
      Elf:2 |   25367 |   26217 |  50.8 |      42 |      32 |  43.2
      Elf:3 |    9623 |   38124 |  79.8 |      13 |      25 |  65.8
   Vaults:1 |   19222 |   17995 |  48.4 |      44 |      25 |  36.2
   Vaults:2 |   18811 |   37603 |  66.7 |      40 |      47 |  54.0
   Vaults:3 |   12979 |   34762 |  72.8 |      22 |      43 |  66.2
   Vaults:4 |   34531 |   18129 |  34.4 |      46 |      15 |  24.6
   Vaults:5 |   19730 |  117683 |  85.6 |      33 |      97 |  74.6
    Crypt:1 |    9329 |   20867 |  69.1 |      14 |      17 |  54.8
    Crypt:2 |   26490 |     446 |   1.7 |      48 |       5 |   9.4
    Crypt:3 |       0 |   72467 | 100.0 |       0 |     112 | 100.0
   Depths:1 |   15649 |   17694 |  53.1 |      27 |      22 |  44.9
   Depths:2 |   38034 |    5982 |  13.6 |      50 |       4 |   7.4
   Depths:3 |   14349 |   70525 |  83.1 |      19 |      39 |  67.2
   Depths:4 |   31348 |   40519 |  56.4 |      37 |      14 |  27.5
   Depths:5 |   58841 |   31049 |  34.5 |      58 |      26 |  31.0
       Hell |   14882 |   27736 |  65.1 |      17 |      48 |  73.8
      Coc:1 |    4012 |       0 |   0.0 |       5 |       0 |   0.0
      Zot:1 |   22233 |   32709 |  59.5 |      16 |      27 |  62.8
      Zot:2 |   54100 |    2487 |   4.4 |      26 |       2 |   7.1
      Zot:3 |   54621 |    3134 |   5.4 |      37 |       1 |   2.6
      Zot:4 |   63766 |   11460 |  15.2 |      42 |       9 |  17.6
      Zot:5 |   40520 |   21288 |  34.4 |      26 |       8 |  23.5
    Abyss:1 |    1482 |       0 |   0.0 |       5 |       0 |   0.0
    Abyss:2 |    1527 |       0 |   0.0 |       2 |       0 |   0.0
    Abyss:3 |    7158 |   13595 |  65.5 |       9 |       9 |  50.0
      Zig:1 |    1231 |       0 |   0.0 |       2 |       0 |   0.0
      Zig:2 |    1536 |       0 |   0.0 |       3 |       0 |   0.0
      Zig:3 |    7484 |       0 |   0.0 |       3 |       0 |   0.0
      Zig:4 |    5713 |       0 |   0.0 |       4 |       0 |   0.0
      Zig:5 |    4948 |       0 |   0.0 |       7 |       0 |   0.0
      Zig:6 |   16272 |       0 |   0.0 |       6 |       0 |   0.0
      Zig:7 |    6795 |       0 |   0.0 |      13 |       0 |   0.0
      Zig:8 |    4832 |      33 |   0.7 |      14 |       1 |   6.7
      Zig:9 |   19390 |       0 |   0.0 |      11 |       0 |   0.0
     Zig:10 |    7591 |       0 |   0.0 |      21 |       0 |   0.0
     Zig:11 |    6143 |       0 |   0.0 |      19 |       0 |   0.0
     Zig:12 |   13571 |       0 |   0.0 |      18 |       0 |   0.0
     Zig:13 |   12488 |       0 |   0.0 |      32 |       0 |   0.0
     Zig:14 |   31281 |    4413 |  12.4 |      22 |       8 |  26.7
     Zig:15 |   13892 |       0 |   0.0 |      35 |       0 |   0.0
     Zig:16 |   23625 |     447 |   1.9 |      46 |       1 |   2.1
      IceCv |       0 |    9546 | 100.0 |       0 |      56 | 100.0
 Desolation |       0 |   12578 | 100.0 |       0 |      16 | 100.0
            +---------+---------+-------+---------+---------+-------
